[Event "SVK-ch Open 2018"]
[Site "Banska Stiavnica"]
[Date "2018.07.09"]
[Round "3"]
[White "Odler, Daniel"]
[Black "Brnusak, Andrej"]
[Result "1-0"]
[ECO "B09"]
[WhiteElo "2067"]
[BlackElo "1866"]
[Annotator "NA"]
[PlyCount "57"]
[EventDate "2018.07.07"]
[EventType "swiss"]
[EventCountry "SVK"]
[SourceTitle "playchess.com"]
[Source "ChessBase"]
[SourceQuality "1"]
[TimeControl "40/5400+30:1800+30"]

1. d4 Nf6 2. Nc3 g6 3. e4 d6 4. f4 Bg7 5. Bc4 O-O 6. e5 dxe5 7. dxe5 Qxd1+ 8. Kxd1 Ng4 9. Ke2 Nc6 10. Nf3 Rd8 11. h3 Nh6 12. g4 a6 13. Be3 b5 14. Bb3 Bb7 $16 15. Rhd1 e6 16. Ng5 Bf8 17. Nce4 Na5 18. Nf6+ Kg7 19. Rxd8 Rxd8 20. Bxe6 Be7 21. Bb3 c5 22. c3 c4 23. Bc2 Nc6 24. Bb6 Rh8 25. Rd1 Bxf6 26. exf6+ Kxf6 27. Rd7 Ba8 28. Be4 Kg7 29. Ne6+ 1-0

[Event "SVK-ch Open 2018"]
[Site "Banska Stiavnica"]
[Date "2018.07.09"]
[Round "3"]
[White "Bojda, Lubomir"]
[Black "Talla, Vladimir"]
[Result "0-1"]
[ECO "B90"]
[WhiteElo "2064"]
[BlackElo "2402"]
[Annotator "NA"]
[PlyCount "42"]
[EventDate "2018.07.07"]
[EventType "swiss"]
[EventCountry "SVK"]
[SourceTitle "playchess.com"]
[Source "ChessBase"]
[SourceQuality "1"]
[TimeControl "40/5400+30:1800+30"]

1. e4 c5 2. Nf3 d6 3. Nc3 a6 4. d4 cxd4 5. Nxd4 Nf6 6. Be3 e6 7. h3 b5 8. a3 Bb7 {[%emt 0:04:41] LiveBook: 6 Games} 9. Bd3 Nbd7 10. Nb3 Be7 11. Qe2 Rc8 12. f4 O-O 13. O-O e5 14. Nd5 Bxd5 15. fxe5 Nxe4 $19 16. exd6 Bxd6 17. Rad1 Qc7 18. Bxe4 Bxe4 19. Rd4 f5 20. Rfd1 Bh2+ 21. Kh1 Nf6 0-1

[Event "SVK-ch Open 2018"]
[Site "Banska Stiavnica"]
[Date "2018.07.09"]
[Round "3"]
[White "Bartek, Ladislav"]
[Black "Zatko, Gregor"]
[Result "0-1"]
[ECO "B06"]
[WhiteElo "2049"]
[BlackElo "2144"]
[Annotator "NA"]
[PlyCount "34"]
[EventDate "2018.07.07"]
[EventType "swiss"]
[EventCountry "SVK"]
[SourceTitle "playchess.com"]
[Source "ChessBase"]
[SourceQuality "1"]
[TimeControl "40/5400+30:1800+30"]

1. e4 g6 2. d4 Bg7 3. Nc3 d6 4. Be3 Nd7 {[%emt 0:00:04] LiveBook: 268 Games} 5. Qd2 a6 6. O-O-O b5 7. Bd3 c5 8. dxc5 dxc5 9. Kb1 Ngf6 $14 (9... Bb7 $11) 10. e5 Nxe5 11. Bxb5+ Bd7 12. Bf4 axb5 13. Bxe5 Qc8 14. Nd5 Nxd5 15. Bxg7 Rg8 16. c4 Bf5+ 17. Kc1 Nb4 0-1

[Event "SVK-ch Open 2018"]
[Site "Banska Stiavnica"]
[Date "2018.07.09"]
[Round "3"]
[White "Posa, Norbert"]
[Black "Urhegyi, Marton"]
[Result "0-1"]
[ECO "D00"]
[WhiteElo "2036"]
[BlackElo "2303"]
[Annotator "NA"]
[PlyCount "71"]
[EventDate "2018.07.07"]
[EventType "swiss"]
[EventCountry "SVK"]
[SourceTitle "playchess.com"]
[Source "ChessBase"]
[SourceQuality "1"]
[TimeControl "40/5400+30:1800+30"]

1. d4 d5 2. Bf4 Nf6 3. e3 c5 4. c3 Nc6 5. Bd3 Qb6 6. Qc1 Nh5 (6... cxd4 $15 7. cxd4 Nb4) 7. Ne2 Nxf4 8. Nxf4 e6 9. Nd2 Bd6 10. g3 cxd4 11. exd4 Bxf4 12. gxf4 $11 Ne7 13. Nf3 Bd7 14. Ne5 Bb5 15. Bxb5+ Qxb5 16. Qd2 Nf5 17. Nd3 Rc8 18. O-O Qa5 19. Qe2 O-O 20. Kh1 Qc7 21. Rg1 b5 22. Qe5 a5 23. a3 Qe7 24. Rg4 Rc4 25. Rag1 g6 26. Qe2 Rb8 27. Rg5 Qf6 28. Ne5 Rc7 29. Nd3 b4 30. axb4 axb4 31. Nxb4 Nxd4 32. Qd3 Qxf4 33. Na6 Nf3 34. R5g3 Nxg1 35. Nxb8 Qxf2 36. Rg2 0-1

[Event "SVK-ch Open 2018"]
[Site "Banska Stiavnica"]
[Date "2018.07.09"]
[Round "3"]
[White "Toma, Rudolf"]
[Black "Weis, Dusan"]
[Result "1-0"]
[ECO "A85"]
[WhiteElo "2018"]
[BlackElo "1818"]
[Annotator "NA"]
[PlyCount "73"]
[EventDate "2018.07.07"]
[EventType "swiss"]
[EventCountry "SVK"]
[SourceTitle "playchess.com"]
[Source "ChessBase"]
[SourceQuality "1"]
[TimeControl "40/5400+30:1800+30"]

1. d4 f5 2. c4 Nf6 3. Nc3 e6 4. g3 c6 5. Bg2 d5 6. cxd5 cxd5 {[%emt 0:00:11] A90: Dutch Defence: Miscellaneous and Modern Stonewall (with ...Bd6)} 7. Bg5 (7. Nh3 Nc6 8. O-O Be7 9. a3 O-O 10. b4 Bd7 11. Bb2 Rc8 12. Rc1 {½-½ (12) Caetano,H (2215)-Gonzalez,B (2262) Curitiba 2015}) 7... Bd6 8. e3 $146 ({Predecessor:} 8. f4 O-O 9. Nf3 h6 10. Bh4 Qb6 11. Qc2 Ne4 12. O-O Nc6 13. e3 Be7 14. Bxe7 Nxe7 {1-0 (48) Brown,G (1685)-Churchill,S Kapuskasing 2004}) 8... O-O 9. Nge2 Bd7 10. O-O Be8 11. Nxd5 Bc6 12. Ndf4 Qd7 13. Bxf6 Rxf6 14. d5 exd5 15. Nxd5 Rh6 16. Qb3 Kh8 17. Nd4 Na6 18. Qd3 Rf8 19. Nxc6 Nc5 20. Qc2 bxc6 $18 21. Nf4 Qe8 22. Rac1 g5 23. Ne2 Qh5 24. h3 Ne4 25. Rfd1 Be5 26. Nd4 g4 27. Bxe4 fxe4 28. h4 Qf7 29. Qe2 Rf6 30. Rc2 c5 31. Nb3 Rf3 32. Kg2 Qc7 33. Qe1 R8f6 34. Nd4 Bxg3 35. fxg3 Qe5 36. Nxf3 Rxf3 37. Qc3 1-0

[Event "SVK-ch Open 2018"]
[Site "Banska Stiavnica"]
[Date "2018.07.09"]
[Round "3"]
[White "Milcova, Zuzana"]
[Black "Kantorik, Marian"]
[Result "1-0"]
[ECO "B00"]
[WhiteElo "2002"]
[BlackElo "2260"]
[Annotator "NA"]
[PlyCount "102"]
[EventDate "2018.07.07"]
[EventType "swiss"]
[EventCountry "SVK"]
[SourceTitle "playchess.com"]
[Source "ChessBase"]
[SourceQuality "1"]
[TimeControl "40/5400+30:1800+30"]

1. e4 Nc6 2. Nf3 g6 3. d4 Bg7 4. Nc3 d6 5. h3 e5 6. Be3 exd4 7. Nxd4 Nxd4 8. Bxd4 Bxd4 9. Qxd4 Qf6 10. O-O-O ({White should play} 10. Qe3 $16) 10... Qxd4 $1 11. Rxd4 Ne7 $14 12. Bc4 Be6 13. Nd5 Nxd5 14. Bxd5 O-O-O 15. Rf1 Rhe8 16. Bxe6+ fxe6 17. Rd3 e5 18. Rf3 Rd7 19. c4 Kd8 20. Rd1 Ke7 21. Rd2 Ke6 22. Kd1 a5 23. a4 Rdd8 24. Ke2 Rf8 25. Rxf8 Rxf8 26. Ke3 g5 27. Rd1 h5 28. f3 b6 29. Rh1 Rg8 30. g3 Kd7 31. Rd1 Kc6 32. Rd5 g4 33. hxg4 hxg4 34. f4 exf4+ 35. Kxf4 Re8 36. b3 Rg8 37. e5 dxe5+ 38. Rxe5 Rd8 39. Kxg4 Rd3 40. Rb5 Kd6 41. Kf4 Ke6 42. g4 Kf6 43. Ke4 Rg3 44. Kd5 Rxg4 45. Kc6 Rg7 46. c5 bxc5 47. Rxa5 Rg3 48. Rxc5 Rxb3 49. Kxc7 Ke6 50. a5 Ra3 51. Rc6+ Kd5 1-0

[Event "SVK-ch Open 2018"]
[Site "Banska Stiavnica"]
[Date "2018.07.09"]
[Round "3"]
[White "Antal, Jozsef"]
[Black "Sarkozi, Szabolcs"]
[Result "0-1"]
[ECO "B24"]
[WhiteElo "1995"]
[BlackElo "1808"]
[Annotator "NA"]
[PlyCount "92"]
[EventDate "2018.07.07"]
[EventType "swiss"]
[EventCountry "SVK"]
[SourceTitle "playchess.com"]
[Source "ChessBase"]
[SourceQuality "1"]
[TimeControl "40/5400+30:1800+30"]

1. e4 c5 2. Nc3 Nc6 3. d3 g6 4. Be3 d6 5. d4 cxd4 6. Bxd4 Nxd4 7. Qxd4 Nf6 8. e5 dxe5 9. Bb5+ Bd7 10. Qxe5 a6 11. Be2 Bg7 12. Bf3 O-O 13. Nge2 Bf5 14. O-O Ng4 15. Qc5 Rc8 16. Qb4 a5 17. Qa4 Ne5 18. Bd5 b5 19. Qxb5 Bxc2 20. Bb3 Bd3 21. Qa4 e6 22. Rfd1 Qb6 23. Qf4 Bf5 24. h3 Nd3 25. Qf3 Ne5 26. Qf4 h6 27. g4 g5 28. Qg3 Bg6 29. Rac1 Rfd8 30. Na4 Qb7 31. Rxc8 Rxc8 32. Nd4 Rd8 33. Qg2 Be4 34. f3 Bd5 35. Bxd5 Qxd5 36. Nc3 Qc5 37. Nce2 Nc6 38. Rc1 Bxd4+ 39. Kf1 Qb6 40. f4 Nb4 41. Qe4 Be3 42. Rb1 gxf4 43. Nxf4 Bxf4 44. Qxf4 Qb5+ 45. Kg1 Qc5+ 46. Kf1 Nd3 0-1

[Event "SVK-ch Open 2018"]
[Site "Banska Stiavnica"]
[Date "2018.07.09"]
[Round "3"]
[White "Gajdosik, Andrej"]
[Black "Pollak, Rudolf"]
[Result "1/2-1/2"]
[ECO "E21"]
[WhiteElo "1992"]
[BlackElo "1801"]
[Annotator "NA"]
[PlyCount "97"]
[EventDate "2018.07.07"]
[EventType "swiss"]
[EventCountry "SVK"]
[SourceTitle "playchess.com"]
[Source "ChessBase"]
[SourceQuality "1"]
[TimeControl "40/5400+30:1800+30"]

1. d4 Nf6 2. Nf3 e6 3. c4 b6 4. Nc3 Bb7 5. Bf4 Be7 6. e3 d6 7. h3 h6 8. Bd3 Nbd7 9. O-O O-O 10. e4 Nh7 11. Qd2 g5 12. Be3 f6 13. Qe2 Kg7 14. Nh2 Qe8 15. f4 e5 16. f5 Rh8 17. b4 exd4 18. Bxd4 Ne5 19. Nb5 Bd8 20. Rfe1 a6 21. Na3 Be7 22. Nc2 Nf8 23. Bc3 Rd8 24. a4 c5 25. a5 bxa5 26. bxa5 Nfd7 27. Nf3 Nxd3 28. Qxd3 Ne5 29. Nxe5 dxe5 30. Qe2 Qf7 31. Rab1 Rb8 32. Rb6 Bd8 33. Rb2 Bc7 34. Reb1 Bc6 35. Rxb8 Rxb8 36. Rxb8 Bxb8 37. Qd3 Qd7 38. Qxd7+ Bxd7 39. Kf2 Ba4 40. Ne3 Bb3 41. Ke2 h5 42. Kd3 Bc7 43. Bd2 Bd8 44. Nd5 Ba4 45. Nb6 Bc6 46. Be3 Be7 47. Nd5 Bd6 48. Nb6 Kf7 49. Nd5 1/2-1/2

[Event "SVK-ch Open 2018"]
[Site "Banska Stiavnica"]
[Date "2018.07.09"]
[Round "3"]
[White "Gzib, David"]
[Black "Molnar, Erno"]
[Result "1/2-1/2"]
[ECO "C44"]
[WhiteElo "1939"]
[BlackElo "2231"]
[Annotator "NA"]
[PlyCount "66"]
[EventDate "2018.07.07"]
[EventType "swiss"]
[EventCountry "SVK"]
[SourceTitle "playchess.com"]
[Source "ChessBase"]
[SourceQuality "1"]
[TimeControl "40/5400+30:1800+30"]

1. e4 e5 2. Nf3 Nc6 3. d4 exd4 4. Nxd4 Nf6 5. Nc3 Bb4 6. Nxc6 bxc6 7. Bd3 d5 8. exd5 O-O 9. O-O cxd5 10. h3 Re8 11. Qf3 Rb8 12. Bg5 c6 13. Rfe1 Be6 14. a3 Be7 15. b4 a5 $11 16. b5 d4 17. Ne4 cxb5 18. Nxf6+ Bxf6 19. Bxf6 Qxf6 20. Qh5 g6 21. Qc5 Rec8 22. Qa7 b4 23. Qxa5 b3 24. cxb3 Rxb3 25. Qd2 Rcc3 26. Bf1 d3 27. Rec1 Rc2 28. Rxc2 dxc2 29. Rc1 Bf5 30. g4 Rb1 31. gxf5 Rxc1 32. Qxc1 Qxf5 33. Bc4 Qxh3 1/2-1/2

[Event "SVK-ch Open 2018"]
[Site "Banska Stiavnica"]
[Date "2018.07.09"]
[Round "3"]
[White "Slaba, Andrea"]
[Black "Kerdik, Adam"]
[Result "1/2-1/2"]
[ECO "A08"]
[WhiteElo "1936"]
[BlackElo "2091"]
[Annotator "NA"]
[PlyCount "66"]
[EventDate "2018.07.07"]
[EventType "swiss"]
[EventCountry "SVK"]
[SourceTitle "playchess.com"]
[Source "ChessBase"]
[SourceQuality "1"]
[TimeControl "40/5400+30:1800+30"]

1. Nf3 d5 2. g3 c5 3. Bg2 Nc6 4. d4 e6 5. O-O Nf6 6. c4 dxc4 7. Qa4 Bd7 8. Qxc4 b5 9. Qd3 Rc8 10. dxc5 Bxc5 11. Nc3 Nb4 12. Qd1 O-O 13. Ne5 $11 Be8 14. Bg5 Bd4 15. Ng4 h5 16. Nxf6+ Bxf6 17. Qxd8 Bxd8 18. Bf4 Be7 19. Rac1 g5 20. Be3 a6 21. a3 Nc6 22. Ne4 f6 23. Nc5 Bxc5 24. Bxc5 Rf7 25. Be3 Bd7 26. f4 gxf4 27. Bxf4 Nd4 28. Rxc8+ Bxc8 29. Kf2 e5 30. Be3 Rc7 31. Rc1 Rxc1 32. Bxc1 Kg7 33. Bd2 Nf5 1/2-1/2

[Event "SVK-ch Open 2018"]
[Site "Banska Stiavnica"]
[Date "2018.07.09"]
[Round "3"]
[White "Dylag, Emilia"]
[Black "Sarkozy, Ladislav"]
[Result "1/2-1/2"]
[ECO "E18"]
[WhiteElo "1935"]
[BlackElo "2247"]
[Annotator "NA"]
[PlyCount "95"]
[EventDate "2018.07.07"]
[EventType "swiss"]
[EventCountry "SVK"]
[SourceTitle "playchess.com"]
[Source "ChessBase"]
[SourceQuality "1"]
[TimeControl "40/5400+30:1800+30"]

1. d4 Nf6 2. c4 e6 3. Nf3 b6 4. g3 Bb7 5. Bg2 Be7 6. O-O O-O 7. Nc3 Ne4 8. Nxe4 Bxe4 9. Ne5 Bxg2 {[%emt 0:03:44] E18: Queen's Indian: Old Main Line (4 g3 Bb7 5 Bg2 Be7 6 0-0 0-0 7 Nc3)} 10. Kxg2 d6 11. Nf3 {[%emt 0:01:27] LiveBook: 5 Games} d5 (11... Nd7 12. e4 Bf6 13. Be3 c5 14. Rc1 Qc7 15. b3 cxd4 16. Nxd4 a6 17. f3 {½-½ (32) Esipenko,A (2551)-Iturrizaga Bonelli,E (2665) Tegernsee 2017}) 12. b3 $146 ({Predecessor:} 12. Qa4 Qd7 13. Qxd7 Nxd7 14. cxd5 exd5 15. Bf4 Rac8 16. Rac1 c5 17. dxc5 bxc5 {1-0 (60) Buttenmueller,T (2263)-Vinke,A (2197) Baden 2016}) 12... Bf6 13. Rb1 Nc6 14. e3 Re8 15. Bb2 Na5 16. Qe2 dxc4 17. b4 Nb7 18. Qxc4 Qd7 19. Rfc1 Rec8 20. Qc6 Qxc6 21. Rxc6 Nd8 22. Rc2 c6 23. Rbc1 Rcb8 24. g4 a5 25. bxa5 Rxa5 26. Bc3 Ra4 27. Rb1 h6 28. Bb4 $11 Rba8 29. a3 g6 30. h4 R4a7 31. g5 hxg5 32. hxg5 Bg7 33. Bd6 Rd7 34. Be5 b5 35. Bxg7 Kxg7 36. Ne5 Rb7 37. Rb3 Rb6 38. Rbc3 Rba6 39. Nxc6 Nxc6 40. Rxc6 Rxc6 41. Rxc6 Rxa3 42. Rb6 Rb3 43. e4 Rd3 44. Rxb5 Rxd4 45. f3 Rd7 46. Kg3 Rd1 47. Kf4 Rg1 48. Ra5 1/2-1/2

[Event "SVK-ch Open 2018"]
[Site "Banska Stiavnica"]
[Date "2018.07.09"]
[Round "3"]
[White "Rezak, Milan"]
[Black "Franzen, Jozef"]
[Result "0-1"]
[ECO "C45"]
[WhiteElo "1928"]
[BlackElo "2256"]
[Annotator "NA"]
[PlyCount "60"]
[EventDate "2018.07.07"]
[EventType "swiss"]
[EventCountry "SVK"]
[SourceTitle "playchess.com"]
[Source "ChessBase"]
[SourceQuality "1"]
[TimeControl "40/5400+30:1800+30"]

1. e4 e5 2. Nf3 Nc6 3. d4 exd4 4. Nxd4 Bc5 5. Be3 Qf6 6. c3 Nge7 7. Bc4 Ne5 8. Be2 Qg6 9. O-O O-O 10. Nd2 d6 {[%emt 0:03:52] C45: Scotch Game} (10... d5 11. Bh5 Qd6 12. f4 N5c6 13. e5 Qh6 14. N2b3 Bb6 15. Qe2 Nf5 16. Nxf5 Bxf5 17. Nd4 Bd3 18. Bxf7+ Rxf7 19. Qxd3 {1-0 (30) Movsesian,S (2670)-Bacrot,E (2695) Kemer 2007 CBM 121 [Movsesian,S]}) 11. Bh5 Qf6 12. f4 N5c6 13. N2b3 Bb6 {[%emt 0:00:12] LiveBook: 5 Games} 14. g4 (14. Re1 $14) 14... Ng6 15. g5 $146 ({Predecessor:} 15. f5 Nge5 16. g5 Qd8 17. h4 Re8 18. Qc2 {0-1 (39) Abdulla,A (1784)-Benzetsel,E (1838) Istanbul 2012}) 15... Qe7 16. Nd2 f5 17. gxf6 Qxf6 18. Bxg6 Qxg6+ 19. Kh1 Bd7 20. Rg1 Qf6 21. N2f3 Rae8 22. Qd3 Qe7 23. Nd2 Nxd4 24. Bxd4 Bxd4 25. Qxd4 Rxf4 26. Qd5+ $19 Kh8 27. Qxb7 Rf2 28. Rad1 Qh4 29. Rg2 Rxg2 30. Kxg2 Qg4+ {[%emt 0:00:13] Qb4 Bc8+} 0-1

[Event "SVK-ch Open 2018"]
[Site "Banska Stiavnica"]
[Date "2018.07.09"]
[Round "3"]
[White "Kucera, Michal"]
[Black "Jamrich, Gyorgy"]
[Result "0-1"]
[ECO "B06"]
[WhiteElo "1921"]
[BlackElo "2200"]
[Annotator "NA"]
[PlyCount "98"]
[EventDate "2018.07.07"]
[EventType "swiss"]
[EventCountry "SVK"]
[SourceTitle "playchess.com"]
[Source "ChessBase"]
[SourceQuality "1"]
[TimeControl "40/5400+30:1800+30"]

1. e4 d6 2. d4 g6 3. Nc3 Bg7 4. f4 a6 5. Nf3 b5 6. Bd3 Nd7 7. a3 ({White should try} 7. e5 $14) 7... c5 8. d5 c4 9. Be2 Qb6 10. Bd2 $11 Ngf6 11. h3 Nh5 12. g4 Ng3 13. Rg1 Nxe2 14. Qxe2 Nc5 15. Be3 Qa5 16. Bd4 O-O 17. Bxg7 Kxg7 18. Kf2 Bd7 19. Kg3 Rh8 20. f5 Qc7 21. Raf1 Rab8 22. Nd4 b4 23. axb4 Rxb4 24. Qf3 f6 25. g5 Rf8 26. h4 Rxb2 27. Kh2 Nd3 28. h5 Qc5 29. Nce2 fxg5 30. Rxg5 Ne5 31. Qc3 Qb4 32. Qg3 Rf6 33. hxg6 h6 34. Rh5 Qd2 35. Rf2 Rb8 36. c3 Nd3 37. Rg2 Rh8 38. Ne6+ Bxe6 39. Nd4 Qd1 40. Nxe6+ Rxe6 41. Rh4 Rf6 42. Ra2 Ne5 43. Rf4 h5 44. Qg2 Qc1 45. Rf1 Qxc3 46. Rxa6 Rb8 47. Ra2 Ng4+ 48. Kh1 Rff8 49. Rc2 Qe5 0-1

[Event "SVK-ch Open 2018"]
[Site "Banska Stiavnica"]
[Date "2018.07.09"]
[Round "3"]
[White "Gresova, Zuzana"]
[Black "Brozyna, Mateusz"]
[Result "0-1"]
[ECO "A48"]
[WhiteElo "1920"]
[BlackElo "2098"]
[Annotator "NA"]
[PlyCount "84"]
[EventDate "2018.07.07"]
[EventType "swiss"]
[EventCountry "SVK"]
[SourceTitle "playchess.com"]
[Source "ChessBase"]
[SourceQuality "1"]
[TimeControl "40/5400+30:1800+30"]

1. Nf3 Nf6 2. d4 g6 3. c4 Bg7 4. Nc3 O-O 5. Bg5 c5 6. d5 d6 7. e3 a6 8. Qc2 b5 9. cxb5 axb5 10. Bxb5 Ba6 11. Be2 h6 12. Bf4 Nbd7 13. e4 Qb6 14. O-O Rfb8 15. Rfb1 Ng4 16. Bxa6 Qxa6 17. a4 Qc4 18. Nd2 Qd4 19. Nf3 Qf6 20. Bc1 Nde5 21. Nxe5 Qxe5 22. h3 Qh2+ 23. Kf1 Qh1+ 24. Ke2 Ne5 25. Nb5 Qxg2 26. Ra3 g5 27. Rg3 Qh2 28. Bd2 Ng6 29. Qb3 Be5 30. Rgg1 Bd4 31. Rgf1 Qg2 32. Qc2 Ne5 33. Be3 Bxe3 34. Kxe3 Qf3+ 35. Kd2 Qf4+ 36. Ke2 Qf3+ 37. Kd2 f5 38. Rbe1 Qf4+ 39. Kd1 Nf3 40. Re2 Rxb5 41. exf5 Qxa4 42. Rxe7 Qa1+ 0-1

[Event "SVK-ch Open 2018"]
[Site "Banska Stiavnica"]
[Date "2018.07.09"]
[Round "3"]
[White "Hyll, Jan"]
[Black "Nogrady, Vilmos"]
[Result "1/2-1/2"]
[ECO "D04"]
[WhiteElo "1915"]
[BlackElo "2154"]
[Annotator "NA"]
[PlyCount "149"]
[EventDate "2018.07.07"]
[EventType "swiss"]
[EventCountry "SVK"]
[SourceTitle "playchess.com"]
[Source "ChessBase"]
[SourceQuality "1"]
[TimeControl "40/5400+30:1800+30"]

1. Nf3 Nf6 2. d4 d5 3. e3 c5 4. c3 Nc6 5. Bd3 Bg4 6. O-O a6 7. Nbd2 e5 8. dxe5 Nxe5 9. Be2 Nc6 10. Nd4 cxd4 11. Bxg4 Ne5 12. Bf3 dxc3 13. bxc3 Qc7 14. Qb3 Nxf3+ 15. Nxf3 Bd6 16. Ba3 O-O 17. Bxd6 Qxd6 18. Rfd1 b5 19. a4 bxa4 20. Qxa4 Qc5 21. Qd4 Rfc8 22. Rd3 Qb5 23. Ne5 Qb2 24. c4 Qxd4 25. Rxd4 dxc4 26. Nxc4 Rc6 27. Ne5 Rc2 28. h3 g6 29. Rda4 Re8 30. Rxa6 Rxe5 31. Rxf6 Kg7 32. Rf4 Re7 33. Rfa4 h5 34. h4 Rec7 35. R4a2 R2c4 36. g3 R4c6 37. Ra7 Rxa7 38. Rxa7 Kf6 39. Kg2 Rd6 40. Kf3 Rd2 41. Ra4 Rb2 42. g4 hxg4+ 43. Rxg4 Rb5 44. Rc4 Ra5 45. Kg4 Re5 46. Rd4 Kg7 47. e4 Ra5 48. Rd3 f5+ 49. exf5 Rxf5 50. f4 Ra5 51. Rh3 Rb5 52. Re3 Kf6 53. Rc3 Ra5 54. Rc6+ Kf7 55. Rc7+ Kf6 56. Rc8 Rb5 57. Re8 Ra5 58. Re5 Ra1 59. h5 Rg1+ 60. Kf3 gxh5 61. Rxh5 Rf1+ 62. Kg3 Rg1+ 63. Kf2 Ra1 64. Rb5 Ra3 65. Re5 Rb3 66. Kg2 Ra3 67. Re2 Kf5 68. Rf2 Rb3 69. Rf3 Rxf3 70. Kxf3 Kf6 71. Ke4 Ke6 72. f5+ Kf6 73. Kf4 Kf7 74. Kg5 Kg7 75. f6+ 1/2-1/2

[Event "SVK-ch Open 2018"]
[Site "Banska Stiavnica"]
[Date "2018.07.09"]
[Round "3"]
[White "Marsina, Stefan"]
[Black "Horvath, Julia"]
[Result "0-1"]
[ECO "A21"]
[WhiteElo "1908"]
[BlackElo "2107"]
[Annotator "NA"]
[PlyCount "82"]
[EventDate "2018.07.07"]
[EventType "swiss"]
[EventCountry "SVK"]
[SourceTitle "playchess.com"]
[Source "ChessBase"]
[SourceQuality "1"]
[TimeControl "40/5400+30:1800+30"]

1. Nf3 d6 2. c4 e5 3. Nc3 f5 4. d4 e4 5. Nd2 Nf6 6. e3 g6 7. Be2 Bg7 8. O-O O-O 9. d5 a5 10. Nb3 $11 Nbd7 11. Nd4 Ne5 12. f4 exf3 13. gxf3 Qe7 14. f4 Neg4 15. Qd3 Re8 16. Bf3 Ne4 17. h3 Nxc3 18. bxc3 Nf6 19. Bd2 Ne4 20. Kg2 Nxd2 21. Qxd2 Qxe3 22. Qxe3 Rxe3 23. Nb5 Bd7 24. Rae1 Rae8 25. Rxe3 Rxe3 26. Nxc7 Bxc3 27. Nb5 Bxb5 28. cxb5 Bd4 29. Rf2 Kf7 30. Re2 Rc3 31. Re6 Bc5 32. Re1 Be3 33. Kg3 b6 34. Re2 a4 35. Re1 a3 36. Re2 h5 37. h4 Bc1 38. Re6 Rc4 39. Be2 Bxf4+ 40. Kf3 Rb4 41. Bd3 Be5 0-1

[Event "SVK-ch Open 2018"]
[Site "Banska Stiavnica"]
[Date "2018.07.09"]
[Round "3"]
[White "Bango, Dominik"]
[Black "Pniaczek, Marek"]
[Result "0-1"]
[ECO "B23"]
[WhiteElo "1835"]
[BlackElo "2082"]
[Annotator "NA"]
[PlyCount "98"]
[EventDate "2018.07.07"]
[EventType "swiss"]
[EventCountry "SVK"]
[SourceTitle "playchess.com"]
[Source "ChessBase"]
[SourceQuality "1"]
[TimeControl "40/5400+30:1800+30"]

1. e4 c5 2. Nc3 d6 3. g3 Nc6 4. Bg2 g6 5. f4 Bg7 6. Nf3 e6 7. O-O Nge7 8. d3 O-O 9. Qe2 b6 10. Kh1 Bb7 11. h3 Qd7 12. g4 f5 13. Nd1 e5 14. fxe5 fxg4 15. hxg4 Nxe5 16. Nxe5 Rxf1+ 17. Qxf1 Bxe5 18. Qe2 Re8 19. Bh6 d5 20. Nc3 d4 21. Nb1 Nc6 22. Nd2 Qe7 23. Nf3 Bg3 24. Bh3 Bc8 25. Kg2 Bc7 26. Rf1 Qd6 27. Qf2 g5 28. Nxg5 Qh2+ 29. Kf3 Ne5+ 30. Ke2 Bxg4+ 31. Bxg4 Nxg4 32. Qxh2 Bxh2 33. Rf7 Nxh6 34. Rxh7 Bf4 35. Rxh6 Kg7 36. Ne6+ Kxh6 37. Nxf4 Kg5 38. Nd5 Rh8 39. b3 Rh2+ 40. Kd1 Kg4 41. Kc1 Kf3 42. a4 Ke2 43. Nf4+ Ke1 44. Nd5 Rh1 45. Nf4 Rf1 46. Ng6 Ke2+ 47. Kb2 Kd1 48. e5 Re1 49. Kb1 Re2 0-1

[Event "SVK-ch Open 2018"]
[Site "Banska Stiavnica"]
[Date "2018.07.09"]
[Round "3"]
[White "Kebis, Milos"]
[Black "Volcko, Richard"]
[Result "0-1"]
[ECO "E97"]
[WhiteElo "1828"]
[BlackElo "2068"]
[Annotator "NA"]
[PlyCount "36"]
[EventDate "2018.07.07"]
[EventType "swiss"]
[EventCountry "SVK"]
[SourceTitle "playchess.com"]
[Source "ChessBase"]
[SourceQuality "1"]
[TimeControl "40/5400+30:1800+30"]

1. Nf3 Nf6 2. d4 g6 3. c4 Bg7 4. Nc3 O-O 5. e4 d6 6. Be2 e5 7. O-O Nc6 8. Re1 exd4 9. Nxd4 Nxe4 10. Nxe4 Nxd4 11. Bg5 Nxe2+ 12. Rxe2 f6 13. Qd5+ Kh8 14. Bh4 {[%emt 0:00:53] [#]} g5 $19 15. Bxg5 fxg5 16. Nxg5 Qf6 17. Rae1 Bg4 18. Rd2 c6 0-1

[Event "SVK-ch Open 2018"]
[Site "Banska Stiavnica"]
[Date "2018.07.09"]
[Round "3"]
[White "Paksi, Gyula"]
[Black "Bednar, Jan"]
[Result "1/2-1/2"]
[ECO "A45"]
[WhiteElo "1811"]
[BlackElo "2010"]
[Annotator "NA"]
[PlyCount "115"]
[EventDate "2018.07.07"]
[EventType "swiss"]
[EventCountry "SVK"]
[SourceTitle "playchess.com"]
[Source "ChessBase"]
[SourceQuality "1"]
[TimeControl "40/5400+30:1800+30"]

1. d4 Nf6 2. Bf4 g6 3. e3 Bg7 4. Nd2 d6 5. Ngf3 O-O 6. c3 b6 7. h3 Bb7 8. Be2 Nbd7 9. O-O c5 10. Qc2 Rc8 11. Rfe1 Rc7 12. a4 Re8 13. a5 e5 14. axb6 axb6 15. dxe5 $16 dxe5 16. Bh2 Bc6 17. Red1 Qe7 18. Nc4 Ne4 19. Ncd2 Ng5 20. Nxg5 Qxg5 21. Bf3 Bxf3 22. Nxf3 Qe7 23. Rd5 b5 24. Rad1 Nb6 25. Rd6 Rb7 26. b3 c4 27. Bg3 h6 28. Kh2 e4 29. Ng1 Be5 30. Bxe5 Qxe5+ 31. Kh1 cxb3 32. Qxb3 Na4 33. Rd7 Rxd7 34. Rxd7 Qe6 35. Qxb5 Nxc3 36. Qb7 Na4 37. Rd2 Nc5 38. Qb5 Nd3 39. f3 Ne5 40. fxe4 Nc4 41. Rd4 Rc8 42. Qb3 Qc6 43. Qd3 Kg7 44. Rd5 Qf6 45. Qd4 Qxd4 46. exd4 Ne3 47. Rc5 Rxc5 48. dxc5 Kf8 49. Nf3 Nc4 50. Kg1 Ke7 51. Kf2 Kd7 52. Nd4 Kc7 53. Kf3 Ne5+ 54. Ke3 Nd7 55. c6 Ne5 56. Kf4 Nd3+ 57. Ke3 Ne5 58. Kf4 {[%emt 0:00:00] Kd7} 1/2-1/2